 Dungeon Crawl Stone Soup version 0.23.1 (webtiles) character file.

Game seed: 18127185561566314629

137 Borgoz the Sneak (level 5, -8/35 HPs)
             Began as a Halfling Assassin on Mar 7, 2019.
             Mangled by Natasha (10 damage)
             ... on level 2 of the Dungeon.
             The game lasted 00:04:08 (1934 turns).

Borgoz the Sneak (Halfling Assassin)                Turns: 1934, Time: 00:04:09

Health: -8/35      AC:  3    Str: 12    XL:     5   Next: 44%
Magic:  1/5        EV: 15    Int: 15    God:
Gold:   132        SH:  0    Dex: 16    Spells: 1/4 levels left

rFire    . . .     SeeInvis .   a - +2 dagger
rCold    . . .     Gourm    .   (shield restricted)
rNeg     . . .     Faith    .   c - +0 robe
rPois    .         Spirit   .   (no helmet)
rElec    .         Reflect  .   d - +0 cloak
rCorr    .         Harm     .   (no gloves)
MR       .....                  (no boots)
Stlth    +++.......             (no amulet)
HPRegen  0.11/turn              (no ring)
MPRegen  0.09/turn              (no ring)

@: brilliant, slowed, very slow
A: small, mutation resistance 1
a: no special abilities


You were on level 2 of the Dungeon.
You were not hungry.

You visited 1 branch of the dungeon, and saw 2 of its levels.

You collected 132 gold pieces.

Inventory:

Hand Weapons
 a - a +2 dagger (weapon)
 b - a +0 blowgun
Missiles
 e - 8 poisoned needles
 f - 2 curare-tipped needles
Armour
 c - a +0 robe (worn)
 d - a +0 cloak (worn)
 o - a +0 pair of gloves
Jewellery
 l - an uncursed ring of ice
Scrolls
 h - 3 scrolls of identify {unknown}
 i - a scroll of teleportation {unknown}
 j - a scroll of noise {unknown}
 k - a scroll of fog {unknown}
Potions
 m - a potion of magic
 p - a potion of curing {unknown}
Comestibles
 g - 5 rations
 n - 4 chunks of flesh


   Skills:
 + Level 2.6 Fighting
 + Level 3.5 Short Blades
 - Level 2.0 Throwing
 + Level 2.1 Armour
 + Level 2.4 Dodging
 + Level 5.0 Stealth
 + Level 0.0 Spellcasting
 + Level 0.0 Hexes


You had one spell level left.
You knew the following spells:

 Your Spells              Type           Power        Failure   Level  Hunger
a - Corona                Hex            #......      3%          1    ##.....
b - Ensorcelled Hibernat  Hex/Ice        #.....       4%          2    ###....

Your spell library contained the following spells:

 Spells                   Type           Power        Failure   Level  Hunger
 Confuse                  Hex            #.......     10%         3    ####...
 Dazzling Spray           Conj/Hex       #.....       10%         3    ####...
 Tukima's Dance           Hex            #.......     10%         3    ####...


Dungeon Overview and Level Annotations

Branches:
Dungeon (2/15)

Altars:
Nemelex Xobeh

Annotations:
D:2 1 runed translucent door, Crazy Yiuf, Natasha


Innate Abilities, Weirdness & Mutations

You are small and have problems with some larger weapons.
You are somewhat resistant to further mutation.


Message History

It was a potion of brilliance.
You feel clever all of a sudden. The crimson imp completely misses you.
Natasha claws you!
* * * LOW HITPOINT WARNING * * *
Okay, then.
Cast which spell? (? or * to list)
Aiming: Ensorcelled Hibernation (safe; 4% risk of failure)
Press: ? - help, Shift-Dir - straight line, f - Natasha
Aim: Natasha (almost dead, chance to defeat MR: 40%) Natasha resists with some effort.
The crimson imp closely misses you.
Natasha stares at you and mumbles some strange words.
You feel yourself slow down.
Casting: Ensorcelled Hibernation (safe; 4% risk of failure)
Confirm with . or Enter, or press ? or * to list all spells.
Aiming: Ensorcelled Hibernation (safe; 4% risk of failure)
Press: ? - help, Shift-Dir - straight line, f/p - Natasha
Aim: Natasha (almost dead, chance to defeat MR: 40%) Natasha resists with some effort.
The crimson imp misses you. Natasha claws you!
You die...

#........# #.####........##
#####.#### #.# ##...###... #.#
###.# #.#..##### #.## ###...#
#.##..# # #..###...###
#.########
##.....#########.#.......
##................#..#...#
#####.[###...#######..#_......
..............@55......#..#...#
...............h.......#.......
################...###.########
##.....)......##
#...###.........
#.#..##.......#.
##.#..##.......#.
####..#..........###
######....<....##.....###


You could see Natasha, a crimson imp and a white imp.

Vanquished Creatures
  Jessica (D:2)
  Natasha (D:2)
  A gnoll (D:1)
  4 adders (D:2)
  2 dart slugs
  2 leopard geckos (D:1)
  5 goblins
  6 hobgoblins
  2 bats (D:1)
  A frilled lizard (D:2)
  8 kobolds
  6 rats
  A bush (D:1)
40 creatures vanquished.

Vanquished Creatures (others)
  A plant (D:1)
1 creature vanquished.

Grand Total: 41 creatures vanquished

Notes
Turn   | Place    | Note
-------+----------+-------------------------------------------
     0 | D:1      | Borgoz the Halfling Assassin began the quest for the Orb.
     0 | D:1      | Reached XP level 1. HP: 14/14 MP: 1/1
    65 | D:1      | Reached XP level 2. HP: 4/19 MP: 2/2
   601 | D:1      | Reached skill level 1 in Armour
   601 | D:1      | Reached XP level 3. HP: 13/24 MP: 3/3
  1276 | D:2      | Found a runed translucent door.
  1277 | D:2      | Noticed Crazy Yiuf
  1300 | D:2      | Noticed Jessica
  1302 | D:2      | Killed Jessica
  1302 | D:2      | Reached XP level 4. HP: 30/30 MP: 4/4
  1642 | D:2      | Reached XP level 5. HP: 25/35 MP: 5/5
  1808 | D:2      | Reached skill level 5 in Stealth
  1824 | D:2      | Noticed Natasha
  1831 | D:2      | Killed Natasha
  1837 | D:2      | Learned a level 1 spell: Corona
  1840 | D:2      | Learned a level 2 spell: Ensorcelled Hibernation
  1840 | D:2      | Found a sparkling altar of Nemelex Xobeh.
  1908 | D:2      | Noticed Natasha
  1934 | D:2      | Mangled by Natasha

Skill      XL: |  1  2  3  4  5 |
---------------+----------------+-----
Fighting       | 2 |  2.6
Armour         | 1 2 |  2.1
Short Blades   | 3 |  3.5
Dodging        | 2 |  2.4
Stealth        | 5 |  5.0
Throwing       | |  2.0

Action                   |  1- 3 |  4- 6 || total
-------------------------+-------+-------++-------
Melee: Dagger            |   336 |    81 ||   417
 Cast: Ensorcelled Hiber |       |     2 ||     2
  Use: Potion            |       |     2 ||     2
 Stab: Sleeping          |     3 |     4 ||     7
  Eat: Chunk             |       |     4 ||     4
Armor: Robe              |    12 |     7 ||    19
Dodge: Dodged            |    54 |    46 ||   100
